BSA
KALAMAZOO ROYALE WITH CHEESE @ KANSAS CITY KINGS
08/15/2030
 
TOP OF THE 1ST
Kalamazoo Royale with Cheese batting - Pitching for Kansas City Kings : RHP Randy Mailman
Pitching: RHP Randy Mailman
Batting: RHB Millard Boyd 0-0: Foul Ball, location: 2F
0-1: Called Strike
0-2: Strikes out swinging
Batting: LHB Gene Cooper 0-0: Ball
1-0: Called Strike
1-1: Ball
2-1: Foul Ball, location: 2F
2-2: Ball
3-2: Ground out U3 (Groundball, 34)
Batting: SHB Caden Keith 0-0: Ball
1-0: Fly out, F7 (Flyball, 78S)
Top of the 1st over - 0 runs, 0 hits, 0 errors, 0 left on base; Kalamazoo 0 - Kansas City 0
BOTTOM OF THE 1ST
Kansas City Kings batting - Pitching for Kalamazoo Royale with Cheese : LHP Jason Simpson
Pitching: LHP Jason Simpson
Batting: LHB Brian Easdale 0-0: Called Strike
0-1: Called Strike
0-2: Ground out 4-3 (Groundball, 4M)
Batting: RHB Chris Chandler 0-0: Foul Ball, location: 2F
0-1: Ball
1-1: Ball
2-1: Ball
3-1: Base on Balls
Batting: SHB Douglas Taylor 0-0: Ball
1-0: Fly out, F7 (Flyball, 78S)
Batting: RHB Toshimichi Kono 0-0: Ball
1-0: Ball
2-0: Called Strike
2-1: Foul Ball, location: 2F
2-2: Ground out 4-3 (Groundball, 34)
Bottom of the 1st over - 0 runs, 0 hits, 0 errors, 1 left on base; Kalamazoo 0 - Kansas City 0
TOP OF THE 2ND
Kalamazoo Royale with Cheese batting - Pitching for Kansas City Kings : RHP Randy Mailman
Batting: LHB Doyle Otterburn 0-0: Ball
1-0: Ball
2-0: Called Strike
2-1: Fly out, F8 (Flyball, 8LM)
Batting: RHB Marlon Phipps 0-0: Foul Ball, location: 2F
0-1: Ball
1-1: Foul Ball, location: 2F
1-2: Ball
2-2: Foul Ball, location: 2F
2-2: Ground out U3 (Groundball, 34)
Batting: LHB Donovan Bird 0-0: Ball
1-0: Ball
2-0: Called Strike
2-1: SOLO HOME RUN (Flyball, 89XD), Distance : 379 ft
Batting: RHB Zander Tremblett 0-0: Ball
1-0: Ball
2-0: Ground out 5-3 (Groundball, 56S)
Top of the 2nd over - 1 run, 1 hit, 0 errors, 0 left on base; Kalamazoo 1 - Kansas City 0
BOTTOM OF THE 2ND
Kansas City Kings batting - Pitching for Kalamazoo Royale with Cheese : LHP Jason Simpson
Batting: RHB Rafael Carreón 0-0: Ball
1-0: Ground out 5-3 (Groundball, 5)
Batting: RHB Eduardo García 0-0: SINGLE (Flyball, 9S)
Batting: RHB Dave Parker 0-0: Ball
1-0: Foul Ball, location: 2F
1-1: Grounds into double play, 4-6-3 (Groundball, 4)
Bottom of the 2nd over - 0 runs, 1 hit, 0 errors, 0 left on base; Kalamazoo 1 - Kansas City 0
TOP OF THE 3RD
Kalamazoo Royale with Cheese batting - Pitching for Kansas City Kings : RHP Randy Mailman
Batting: LHB Ron Robinson 0-0: Called Strike
0-1: Called Strike
0-2: Ball
1-2: Strikes out swinging
Batting: LHB Bill McJannett 0-0: Ball
1-0: Called Strike
1-1: Foul Ball, location: 2F
1-2: Ball
2-2: Foul Ball, location: 2F
2-2: DOUBLE (Flyball, 8LXD)
Batting: RHB Millard Boyd 0-0: Called Strike
0-1: Ball
1-1: Swinging Strike
1-2: Foul Ball, location: 2F
1-2: Ball
2-2: DOUBLE (Line Drive, 7LM)
Bill McJannett scores
Batting: LHB Gene Cooper 0-0: Swinging Strike
0-1: Foul Ball, location: 2F
0-2: Ball
1-2: Fly out, F9 (Line Drive, 89M)
Batting: SHB Caden Keith 0-0: Ball
1-0: Fly out, F9 (Flyball, 9S)
Top of the 3rd over - 1 run, 2 hits, 0 errors, 1 left on base; Kalamazoo 2 - Kansas City 0
BOTTOM OF THE 3RD
Kansas City Kings batting - Pitching for Kalamazoo Royale with Cheese : LHP Jason Simpson
Batting: RHB Gregg Nelson 0-0: Foul Ball, location: 2F
0-1: Ball
1-1: Swinging Strike
1-2: Foul Ball, location: 2F
1-2: Ball
2-2: Ground out 6-3 (Groundball, 6)
Batting: LHB Ron Crawford 0-0: Ball
1-0: Ball
2-0: Ball
3-0: Base on Balls
Batting: LHB Brian Easdale 0-0: Ball
1-0: Called Strike
1-1: Called Strike
Ron Crawford steals 2nd base
1-2: Foul Ball, location: 2F
1-2: Foul Ball, location: 2F
1-2: Foul Ball, location: 2F
1-2: Strikes out looking
Batting: RHB Chris Chandler 0-0: Called Strike
0-1: Ball
1-1: Ball
2-1: Fly out, F7 (Flyball, 7LD)
Bottom of the 3rd over - 0 runs, 0 hits, 0 errors, 1 left on base; Kalamazoo 2 - Kansas City 0
TOP OF THE 4TH
Kalamazoo Royale with Cheese batting - Pitching for Kansas City Kings : RHP Randy Mailman
Batting: LHB Doyle Otterburn 0-0: SINGLE (Groundball, 3D)
Batting: RHB Marlon Phipps 0-0: Swinging Strike
0-1: Swinging Strike
0-2: Ball
1-2: Strikes out swinging
Batting: LHB Donovan Bird 0-0: SINGLE (Line Drive, 89S)
Doyle Otterburn to second
Batting: RHB Zander Tremblett 0-0: Called Strike
0-1: Ground out 5-3 (Groundball, 56D)
Doyle Otterburn to third
Donovan Bird to second
Batting: LHB Ron Robinson 0-0: Called Strike
0-1: Swinging Strike
0-2: Strikes out swinging
Top of the 4th over - 0 runs, 2 hits, 0 errors, 2 left on base; Kalamazoo 2 - Kansas City 0
BOTTOM OF THE 4TH
Kansas City Kings batting - Pitching for Kalamazoo Royale with Cheese : LHP Jason Simpson
Batting: SHB Douglas Taylor 0-0: Called Strike
0-1: Ball
1-1: Foul Ball, location: 2F
1-2: SOLO HOME RUN (Flyball, 7LD), Distance : 372 ft
Batting: RHB Toshimichi Kono 0-0: Foul Ball, location: 2F
0-1: Fly out, F7 (Flyball, 7LS)
Batting: RHB Rafael Carreón 0-0: Called Strike
0-1: Called Strike
0-2: Ball
1-2: Ball
2-2: Foul Ball, location: 2F
2-2: Foul Ball, location: 2F
2-2: Ball
3-2: Strikes out swinging
Batting: RHB Eduardo García 0-0: Called Strike
0-1: Swinging Strike
0-2: Ball
1-2: SINGLE (Line Drive, 7S)
Batting: RHB Dave Parker 0-0: Called Strike
0-1: Called Strike
0-2: Foul Ball, location: 2F
0-2: Strikes out swinging
Bottom of the 4th over - 1 run, 2 hits, 0 errors, 1 left on base; Kalamazoo 2 - Kansas City 1
TOP OF THE 5TH
Kalamazoo Royale with Cheese batting - Pitching for Kansas City Kings : RHP Randy Mailman
Batting: LHB Bill McJannett 0-0: Swinging Strike
0-1: Ball
1-1: Called Strike
1-2: Ball
2-2: Strikes out swinging
Batting: RHB Millard Boyd 0-0: Fly out, F7 (Flyball, 78M)
Batting: LHB Gene Cooper 0-0: Called Strike
0-1: Ball
1-1: Foul Ball, location: 2F
1-2: SINGLE (Flyball, 9LS)
Batting: SHB Caden Keith 0-0: Ball
1-0: Called Strike
1-1: Swinging Strike
1-2: Foul Ball, location: 2F
1-2: SINGLE (Line Drive, 4MD)
Gene Cooper to second
Batting: LHB Doyle Otterburn 0-0: Ball
1-0: Swinging Strike
1-1: Ball
2-1: Foul Ball, location: 2F
2-2: Foul Ball, location: 2F
2-2: Strikes out looking
Top of the 5th over - 0 runs, 2 hits, 0 errors, 2 left on base; Kalamazoo 2 - Kansas City 1
BOTTOM OF THE 5TH
Kansas City Kings batting - Pitching for Kalamazoo Royale with Cheese : LHP Jason Simpson
Batting: RHB Gregg Nelson 0-0: Swinging Strike
0-1: Ball
1-1: DOUBLE (Line Drive, 3D)
Batting: LHB Ron Crawford 0-0: Ball
1-0: Foul Ball, location: 2F
1-1: Ball
2-1: Foul Ball, location: 2F
2-2: Foul Ball, location: 2F
2-2: Strikes out looking
Batting: LHB Brian Easdale 0-0: Called Strike
0-1: Ball
1-1: Called Strike
1-2: Fly out, F4 (Popup, 4D)
Batting: RHB Chris Chandler 0-0: Ball
1-0: Ground out 4-3 (Groundball, 4)
Bottom of the 5th over - 0 runs, 1 hit, 0 errors, 1 left on base; Kalamazoo 2 - Kansas City 1
TOP OF THE 6TH
Kalamazoo Royale with Cheese batting - Pitching for Kansas City Kings : RHP Randy Mailman
Pitching: RHP Aaron Palmer
Batting: RHB Marlon Phipps 0-0: Ball
1-0: Called Strike
1-1: Ball
2-1: Foul Ball, location: 2F
2-2: Foul Ball, location: 2F
2-2: Foul Ball, location: 2F
2-2: Ball
3-2: Base on Balls
Batting: LHB Donovan Bird 0-0: Called Strike
0-1: Ball
1-1: Ground out 5-3 (Groundball, 56)
Marlon Phipps to second
Batting: RHB Zander Tremblett 0-0: Called Strike
0-1: Ball
1-1: Ball
2-1: Foul Ball, location: 2F
2-2: Ball
3-2: Strikes out swinging
Batting: LHB Ron Robinson 0-0: Ball
1-0: Ball
2-0: Ball
3-0: Called Strike
3-1: Foul Ball, location: 2F
3-2: Ground out 4-3 (Groundball, 4)
Top of the 6th over - 0 runs, 0 hits, 0 errors, 1 left on base; Kalamazoo 2 - Kansas City 1
BOTTOM OF THE 6TH
Kansas City Kings batting - Pitching for Kalamazoo Royale with Cheese : LHP Jason Simpson
Batting: SHB Douglas Taylor 0-0: Ball
1-0: Ball
2-0: Foul Ball, location: 2F
2-1: SINGLE (Flyball, 7S)
Batting: RHB Toshimichi Kono 0-0: Fly out, F8 (Flyball, 8RD)
Batting: RHB Rafael Carreón 0-0: Ball
1-0: Grounds into double play, 6-4-3 (Groundball, 56)
Bottom of the 6th over - 0 runs, 1 hit, 0 errors, 0 left on base; Kalamazoo 2 - Kansas City 1
TOP OF THE 7TH
Kalamazoo Royale with Cheese batting - Pitching for Kansas City Kings : RHP Aaron Palmer
Pitching: LHP Enrique Muñóz
Batting: LHB Bill McJannett 0-0: Called Strike
0-1: Foul Ball, location: 2F
0-2: Foul Ball, location: 2F
0-2: Ball
1-2: Strikes out swinging
Pitching: RHP Alberto Bonilla
Batting: RHB Millard Boyd 0-0: Called Strike
0-1: Ball
1-1: Ball
2-1: Ball
3-1: Called Strike
3-2: Strikes out swinging
Batting: LHB Gene Cooper 0-0: Called Strike
0-1: Foul Ball, location: 2F
0-2: Ball
1-2: Ball
2-2: Fly out, F6 (Popup, 6D)
Top of the 7th over - 0 runs, 0 hits, 0 errors, 0 left on base; Kalamazoo 2 - Kansas City 1
BOTTOM OF THE 7TH
Kansas City Kings batting - Pitching for Kalamazoo Royale with Cheese : LHP Jason Simpson
Batting: RHB Eduardo García 0-0: Ball
1-0: Fly out, F3 (Popup, 3S)
Batting: RHB Dave Parker 0-0: Ball
1-0: Foul Ball, location: 2F
1-1: Swinging Strike
1-2: Ball
2-2: Foul Ball, location: 2F
2-2: Strikes out swinging
Batting: RHB Gregg Nelson 0-0: Ball
1-0: Ball
2-0: Foul Ball, location: 2F
2-1: Ground out 4-3 (Groundball, 4)
Bottom of the 7th over - 0 runs, 0 hits, 0 errors, 0 left on base; Kalamazoo 2 - Kansas City 1
TOP OF THE 8TH
Kalamazoo Royale with Cheese batting - Pitching for Kansas City Kings : RHP Alberto Bonilla
Batting: SHB Caden Keith 0-0: Ball
1-0: Ball
2-0: Ball
3-0: Called Strike
3-1: Base on Balls
Batting: LHB Doyle Otterburn 0-0: Ball
Caden Keith is caught stealing 2nd base
1-0: Ground out 5-3 (Groundball, 56)
Batting: RHB Marlon Phipps 0-0: Ball
1-0: Called Strike
1-1: Ball
2-1: Ball
3-1: Fly out, F9 (Flyball, 9S)
Top of the 8th over - 0 runs, 0 hits, 0 errors, 0 left on base; Kalamazoo 2 - Kansas City 1
BOTTOM OF THE 8TH
Kansas City Kings batting - Pitching for Kalamazoo Royale with Cheese : LHP Jason Simpson
Pitching: RHP Víctor Reyes
Batting: LHB Ron Crawford 0-0: SOLO HOME RUN (Flyball, 7LD), Distance : 370 ft
Batting: LHB Brian Easdale 0-0: Ball
1-0: Swinging Strike
1-1: Called Strike
1-2: Strikes out looking
Batting: RHB Chris Chandler 0-0: Swinging Strike
0-1: Foul Ball, location: 2F
0-2: SINGLE (Groundball, 6MD)
Batting: SHB Douglas Taylor 0-0: Ball
1-0: Foul Ball, location: 2F
1-1: Fly out, F7 (Flyball, 78S)
Batting: RHB Toshimichi Kono 0-0: Foul Ball, location: 2F
0-1: Ball
1-1: Foul Ball, location: 2F
1-2: Foul Ball, location: 2F
1-2: Strikes out swinging
Bottom of the 8th over - 1 run, 2 hits, 0 errors, 1 left on base; Kalamazoo 2 - Kansas City 2
TOP OF THE 9TH
Kalamazoo Royale with Cheese batting - Pitching for Kansas City Kings : RHP Alberto Bonilla
Pitching: RHP Nick Parks
Batting: LHB Donovan Bird 0-0: Foul Ball, location: 2F
0-1: Ball
1-1: Foul Ball, location: 2F
1-2: Foul Ball, location: 2F
1-2: Ball
2-2: Strikes out looking
Batting: RHB Zander Tremblett 0-0: Called Strike
0-1: Called Strike
0-2: Ball
1-2: Ball
2-2: Strikes out swinging
Batting: LHB Ron Robinson 0-0: Ball
1-0: Fly out, F8 (Line Drive, 8RM)
Top of the 9th over - 0 runs, 0 hits, 0 errors, 0 left on base; Kalamazoo 2 - Kansas City 2
BOTTOM OF THE 9TH
Kansas City Kings batting - Pitching for Kalamazoo Royale with Cheese : RHP Víctor Reyes
Batting: RHB Rafael Carreón 0-0: Swinging Strike
0-1: Ball
1-1: Fly out, F4 (Popup, 34D)
Batting: RHB Eduardo García 0-0: Called Strike
0-1: Ball
1-1: Ball
2-1: Swinging Strike
2-2: Ball
3-2: Strikes out looking
Batting: RHB Dave Parker 0-0: Ball
1-0: Ground out 6-3 (Groundball, 56)
Bottom of the 9th over - 0 runs, 0 hits, 0 errors, 0 left on base; Kalamazoo 2 - Kansas City 2
TOP OF THE 10TH
Kalamazoo Royale with Cheese batting - Pitching for Kansas City Kings : RHP Nick Parks
Batting: LHB Bill McJannett 0-0: Ball
1-0: Foul Ball, location: 2F
1-1: Ball
2-1: Foul Ball, location: 2F
2-2: Foul Ball, location: 2F
2-2: Strikes out swinging
Batting: RHB Millard Boyd 0-0: Ball
1-0: Called Strike
1-1: Ball
2-1: Ball
3-1: Ground out 6-3 (Groundball, 6)
Batting: LHB Gene Cooper 0-0: Ball
1-0: Ball
2-0: SINGLE (Line Drive, 4D)
Batting: SHB Caden Keith 0-0: Ball
1-0: Called Strike
1-1: Foul Ball, location: 2F
1-2: Fly out, F3 (Line Drive, 3)
Top of the 10th over - 0 runs, 1 hit, 0 errors, 1 left on base; Kalamazoo 2 - Kansas City 2
BOTTOM OF THE 10TH
Kansas City Kings batting - Pitching for Kalamazoo Royale with Cheese : RHP Víctor Reyes
Pitching: RHP Armen Boyajian
Batting: RHB Gregg Nelson 0-0: Ball
1-0: Ball
2-0: Foul Ball, location: 2F
2-1: Ball
3-1: Foul Ball, location: 2F
3-2: SINGLE (Flyball, 78M)
Pitching: LHP Carlos Thomas
Pinch Runner at 1st Álex Hernández:
Batting: LHB Ron Crawford 0-0: Bunted foul
0-1: Called Strike
0-2: Ground out 6-3 (Groundball, 6S)
Álex Hernández to second
Batting: LHB Brian Easdale 0-0: Called Strike
0-1: Swinging Strike
0-2: Strikes out looking
Pitching: RHP António Ramos
Batting: RHB Chris Chandler 0-0: Foul Ball, location: 2F
0-1: Swinging Strike
0-2: Ball
1-2: Ball
2-2: Ball
3-2: Foul Ball, location: 2F
3-2: Foul Ball, location: 2F
3-2: Strikes out looking
Bottom of the 10th over - 0 runs, 1 hit, 0 errors, 1 left on base; Kalamazoo 2 - Kansas City 2
TOP OF THE 11TH
Kalamazoo Royale with Cheese batting - Pitching for Kansas City Kings : RHP Nick Parks
Pitching: RHP Vinícius Itaquy
Now at SS: Álex Hernández
Batting: LHB Doyle Otterburn 0-0: Ball
1-0: Foul Ball, location: 2F
1-1: Fly out, F9 (Flyball, 89M)
Batting: RHB Marlon Phipps 0-0: Called Strike
0-1: Ball
1-1: Foul Ball, location: 2F
1-2: Foul Ball, location: 2F
1-2: Strikes out swinging
Batting: LHB Donovan Bird 0-0: Called Strike
0-1: Ball
1-1: Fly out, F8 (Flyball, 8RS)
Top of the 11th over - 0 runs, 0 hits, 0 errors, 0 left on base; Kalamazoo 2 - Kansas City 2
BOTTOM OF THE 11TH
Kansas City Kings batting - Pitching for Kalamazoo Royale with Cheese : RHP António Ramos
Batting: SHB Douglas Taylor 0-0: Ball
1-0: SINGLE (Groundball, 34D)
Batting: RHB Toshimichi Kono 0-0: Ball
1-0: Called Strike
1-1: Grounds into double play, 5-4-3 (Groundball, 56)
Batting: RHB Rafael Carreón 0-0: Ball
1-0: Ball
2-0: Ball
3-0: Swinging Strike
3-1: Swinging Strike
3-2: SOLO HOME RUN (Flyball, 7LD), Distance : 483 ft
Saturday, April 7th, 2018 - OOTP Baseball 18.8 Build 76